 Dungeon Crawl Stone Soup version 0.31-a0-358-gac0dbeb3ab (webtiles) character file.

Game seed: 809830091018918222

105 AdnanSaban the Trooper (level 4, -3/29 HPs)
             Began as a Gargoyle Fighter on July 25, 2023.
             Slain by Ijyb
             ... wielding a +6 club
              (5 damage)
             ... on level 2 of the Dungeon.
             The game lasted 00:02:17 (1815 turns).

AdnanSaban the Trooper (Gargoyle Fighter)           Turns: 1815, Time: 00:02:17

Health: -3/29      AC: 11    Str: 22    XL:     4   Next: 83%
Magic:  4/4        EV:  6    Int:  8    God:
Gold:   111        SH:  4    Dex:  9    Spells: 3/3 levels left

rFire   + . .        a - +0 flail
rCold   . . .        c - +0 buckler
rNeg    + . .        b - +0 scale mail
rPois   ∞            (no helmet)
rElec   +            (no cloak)
rCorr   .            (no gloves)
SInv    .            o - +0 pair of boots
Will    .....        (no amulet) Stlth
                     f - ring of protection from fire
HPRegen 0.24/turn    (no ring)
MPRegen 0.09/turn

%: no passive effects
@: grasped by roots, constricted
A: sickness immunity, AC +3, negative energy resistance 1, electricity
resistance, torment resistance 1, petrification resistance
a: no special abilities


You were on level 2 of the Dungeon.
You visited 1 branch of the dungeon, and saw 3 of its levels.

You collected 111 gold pieces.

Inventory:

Hand Weapons
 a - a +0 flail (weapon)
Missiles
 p - 3 poisoned darts (quivered)
Armour
 b - a +0 scale mail (worn)
 c - a +0 buckler (worn)
 o - a +0 pair of boots (worn)
Jewellery
 f - a ring of protection from fire (left hand)
Scrolls
 g - a scroll of noise {unknown}
 h - 2 scrolls of teleportation {unknown}
 i - 2 scrolls of identify {unknown}
 j - a scroll of enchant armour {unknown}
Potions
 d - 3 potions of might
 e - a potion of haste {unknown}
 k - a potion of resistance {unknown}
 l - a potion of heal wounds {unknown}
 m - a potion of degeneration {unknown}
 n - a potion of invisibility {unknown}


   Skills:
 + Level 4.0 Fighting
 + Level 3.4 Maces & Flails
 + Level 3.8 Armour
 + Level 0.2 Dodging
 + Level 3.8 Shields


You had 3 spell levels left.
You didn't know any spells.
Your spell library contained the following spells:

 Spells                   Type           Power      Damage    Failure   Level
 Magic Dart               Conj           0%         1d3       80%         1
 Searing Ray              Conj           0%         2d4       90%         2
 Static Discharge         Conj/Air       0%         2-2/arc   90%         2
 Airstrike                Air            0%         2d(0-16)  100%        4
 Fulminant Prism          Conj/Hex       0%         3d5       100%        4
 Summon Lightning Spire   Summ/Air       0%         N/A       100%        4
 Conjure Ball Lightning   Conj/Air       0%         3x3d6     100%        6
 Discord                  Hex            0%         N/A       100%        8
 Disjunction              Tloc           0%         N/A       100%        8


Dungeon Overview and Level Annotations

Branches:
Dungeon (3/15)

Altars:

Annotations:
D:2 Ijyb


Innate Abilities, Weirdness & Mutations

You are immune to sickness and miasma.
Your stone body is resilient. (AC +3)
You are immune to poison.
You resist negative energy. (rN+)
You are resistant to electric shocks. (rElec)
You are resistant to unholy torment.
You are immune to petrification.


Message History

The grasping roots constrict you. The grasping roots constrict you.
The roots grasp on you weakens, but your attempt to escape fails.
Ijyb hits you with a +6 club. The grasping roots constrict you.
The grasping roots release their grip on you.
Unknown command.
Ijyb hits you but does no damage. The orc hits you but does no damage.
You climb upwards.
There is a stone staircase leading down here.
You barely miss the orc. Ijyb hits you but does no damage.
The orc closely misses you.
You hit the orc.
The orc is lightly wounded.
Ijyb hits you but does no damage. You block the orc's attack.
You sock the orc!
You kill the orc!
You block Ijyb's attack.
Ijyb zaps a wand.
The roots erupt in riotous growth!
The grasping roots grab you!
Ijyb is unaffected.
The grasping roots constrict you.
You hit Ijyb but do no damage. Ijyb completely misses you.
The grasping roots constrict you.
You barely miss Ijyb. Ijyb hits you but does no damage.
The grasping roots constrict you!
The grasping roots release their grip on you.
You hit Ijyb.
Ijyb is lightly wounded.
Ijyb hits you but does no damage.
You hit Ijyb but do no damage.
Ijyb is lightly wounded.
Ijyb zaps a wand.
The roots erupt in riotous growth!
The grasping roots grab you!
Ijyb is unaffected.
The grasping roots constrict you. Ijyb hits you with a +6 club.
* * * LOW HITPOINT WARNING * * *
The grasping roots constrict you.
* * * LOW HITPOINT WARNING * * *
You barely miss Ijyb.
Ijyb is lightly wounded.
Ijyb hits you with a +6 club.
You die...

##.....##.#####.
##......##.# #.
#..#######.# #. #.##
#.# #. #.# #.# #.
####.# #.# #.
#....##### #.#####.
#.#)##...####....##.
#.#@g'......####.##.
#.####...#..........
#.#......#.......#..
#.#.........######..
#.......##..<..# #..
###....###)#...###..
#....# #.#.#..##..
#....# #.#........
#....# #.####....#


You could see Ijyb.

Vanquished Creatures
  4 gnolls (D:2)
  An adder (D:2)
  2 worms (D:2)
  6 orcs
  An endoplasm (D:1)
  A giant cockroach (D:2)
  4 goblins
  3 hobgoblins
  4 jackals
  A quokka (D:2)
  3 ball pythons (D:1)
  6 bats
  4 kobolds
  8 rats
48 creatures vanquished.

Notes
Turn   | Place    | Note
-------+----------+-------------------------------------------
     0 | D:1      | AdnanSaban the Gargoyle Fighter began the quest for the
                  | Orb.
     0 | D:1      | Reached XP level 1. HP: 14/14 MP: 1/1
   107 | D:1      | Reached XP level 2. HP: 19/19 MP: 2/2
   866 | D:2      | Reached XP level 3. HP: 24/24 MP: 3/3
  1158 | D:2      | Reached skill level 4 in Fighting
  1158 | D:2      | Reached XP level 4. HP: 21/29 MP: 4/4
  1701 | D:3      | Noticed Ijyb
  1814 | D:2      | HP: 1/29 [constriction (4)]
  1815 | D:2      | Slain by Ijyb

Illustrated notes

Levels and vault maps discovered:
D:1:      amcnicky_arrival_gap_in_the_tavern_cellar, layout_loops_cross
D:2:      layout_basic
D:3:      layout_rooms, grunt_gozag_breadcrumbs, nicolae_wormholes, uniq_ijyb

Skill      XL: |  1  2  3 |
---------------+----------+-----
Fighting       | 4 |  4.0
Maces & Flails | 3 |  3.4
Armour         | |  3.8
Dodging        | |  0.2
Shields        | |  3.8

Action                     |  1- 3 |  4- 6 || total
---------------------------+-------+-------++-------
  Melee: Flail             |    94 |    55 ||   149
 Armour: Scale mail        |    69 |    39 ||   108
  Dodge: Dodged            |    37 |    39 ||    76
  Block: Buckler           |    17 |    16 ||    33

Table legend: (Time is in decaauts)
 A = Elapsed time spent in this place.
 B = Non-inter-level travel time spent in this place.
 C = Inter-level travel time spent in this place.
 D = Time resting spent in this place.
 E = Time spent auto-exploring this place.
 F = Levels seen in this place.
 G = Mean time per level.
                   A        B        C        D        E       F      G
               +--------+--------+--------+--------+--------+-----+--------+
         Total |   1862 |   1680 |    182 |     54 |   1240 |   3 |  620.7 |
       Dungeon |   1862 |   1680 |    182 |     54 |   1240 |   3 |  620.7 |
               +--------+--------+--------+--------+--------+-----+--------+

Top non-repeatable levels by time:
     D:2: 957 daAuts
     D:1: 718 daAuts
     D:3: 186 daAuts
